 Dungeon Crawl Stone Soup version 0.31-a0-702-gf82c85558f (webtiles) character file.

Game seed: 2116840834927407528

88 qw the Shooter (level 4, -14/28 HPs)
             Began as a Gargoyle Hunter on Sept 8, 2023.
             Killed from afar by a crimson imp (15 damage)
             ... with a puff of flame
             ... on level 3 of the Dungeon.
             The game lasted 00:00:46 (1713 turns).

qw the Shooter (Gargoyle Hunter)                    Turns: 1713, Time: 00:00:47

Health: -14/28     AC: 11    Str: 15    XL:     4   Next: 54%
Magic:  4/4        EV: 11    Int:  9    God:
Gold:   117        SH:  0    Dex: 15    Spells: 3/3 levels left

rFire   . . .        Y - +0 shortbow
rCold   . . .        (shield currently unavailable)
rNeg    + . .        c - +0 leather armour
rPois   inf          (no helmet)
rElec   +            h - +0 cloak
rCorr   .            (no gloves)
SInv    .            (no boots)
Will    .....        (no amulet)
Stlth   ++           f - +4 ring of protection
HPRegen 0.24/turn    (no ring)
MPRegen 0.09/turn

%: no passive effects
@: no status effects
A: sickness immunity, AC +3, negative energy resistance 1, electricity
resistance, torment resistance 1, petrification resistance
a: no special abilities


You were on level 3 of the Dungeon.
You visited 1 branch of the dungeon, and saw 3 of its levels.

You collected 117 gold pieces.


Innate Abilities, Weirdness & Mutations

You are immune to sickness and miasma.
Your stone body is resilient. (AC +3)
You are immune to poison.
You resist negative energy. (rN+)
You are resistant to electric shocks. (rElec)
You are resistant to unholy torment.
You are immune to petrification.


   Skills:
 - Level 3.0 Fighting
 + Level 5.5 Ranged Weapons
 - Level 1.5 Dodging
 - Level 1.1 Stealth


You had 3 spell levels left.
You didn't know any spells.
Your spell library was empty.

Inventory:

Hand Weapons
 Y - a +0 shortbow (weapon)
Armour
 c - a +0 leather armour (worn)
 h - a +0 cloak (worn)
Jewellery
 f - a +4 ring of protection (left hand)
Scrolls
 a - 2 scrolls of identify
Potions
 d - a potion of haste
 i - 2 potions of curing

Dungeon Overview and Level Annotations

Branches:
Dungeon (3/15)

Altars:
Makhleb
Vehumet


Message History

The crimson imp hits you but does no damage.
The jackal closely misses you.
The jackal bites you but does no damage.
You shoot an arrow. The arrow hits the crimson imp.
The crimson imp is moderately wounded.
The jackal barely misses you. The jackal closely misses you.
The crimson imp zaps a wand.
The puff of flame misses you.
The jackal bites you but does no damage.
The jackal barely misses you.
The crimson imp zaps a wand.
The puff of flame hits you.
You shoot an arrow.
The arrow closely misses the crimson imp.
The jackal bites you but does no damage. x2
The crimson imp barely misses you.
The jackal bites you but does no damage.
The jackal barely misses you.
You shoot an arrow.
The arrow barely misses the crimson imp.
The jackal bites you but does no damage.
The jackal misses you.
The crimson imp hits you but does no damage.
You shoot an arrow.
The arrow barely misses the crimson imp.
The jackal bites you.
The jackal bites you but does no damage.
The crimson imp blinks!
The jackal bites you. The jackal misses you.
You shoot an arrow. The arrow hits the jackal!
You kill the jackal!
The jackal misses you.
The crimson imp blinks!
The jackal bites you but does no damage.
You shoot an arrow. The arrow hits the jackal.
The jackal is severely wounded.
The crimson imp zaps a wand.
The puff of flame hits you! The jackal bites you.
You shoot an arrow. The arrow barely misses the jackal.
The jackal bites you but does no damage.
The crimson imp zaps a wand.
The puff of flame hits you! The jackal barely misses you.
The crimson imp zaps a wand.
The puff of flame hits you!
Ouch! That really hurt!
You die...

##### ###. #_._#
>.... ... ..##.#
..ยค ...#..##.#
#.....#h####.#
#.....@.....#
##..)./#######
#...5....####
#...........#
#.[.........###
...............#
.#.............#
#.......#.....#
#.......#.....######


You could see a crimson imp and a jackal.

Vanquished Creatures
  3 adders
  3 worms (D:2)
  6 endoplasms
  A giant cockroach (D:2)
  5 goblins (D:1)
  3 hobgoblins
  8 jackals
  3 quokkas
  2 ball pythons (D:2)
  2 bats
  2 frilled lizards
  4 kobolds
  6 rats
48 creatures vanquished.

Notes
Turn   | Place    | Note
-------+----------+-------------------------------------------
     0 | D:1      | qw the Gargoyle Hunter began the quest for the Orb.
     0 | D:1      | Reached XP level 1. HP: 12/12 MP: 1/1
     0 | D:1      | 0 ||| qw: Version: 0.3-a-76-g4403597
     0 | D:1      | 0 ||| qw: Game counter: 1032
     0 | D:1      | 0 ||| qw: Melee chars always use a shield: true
     0 | D:1      | 0 ||| qw: God list: Okawaru
     0 | D:1      | 0 ||| qw: Allow faded altars: false
     0 | D:1      | 0 ||| qw: Do Orc after clearing Dungeon:15 true
     0 | D:1      | 0 ||| qw: Do second Lair branch before Depths: true
     0 | D:1      | 0 ||| qw: Lair rune preference: random
     0 | D:1      | 0 ||| qw: Goals: Normal
     0 | D:1      | 0 ||| PLANNING D:1-11
   185 | D:1      | Reached XP level 2. HP: 17/17 MP: 2/2
   635 | D:1      | 635 ||| UPGRADING to +0 cloak.
   640 | D:1      | 640 ||| UPGRADING to +4 ring of protection.
   641 | D:1      | 641 ||| READING 3 scrolls labelled QIBEODW GOEDUE.
   642 | D:1      | 642 ||| READING scroll labelled JIXKOTW JIHON.
   643 | D:1      | 643 ||| READING 2 scrolls labelled XUKHLI GADOGYSK.
   644 | D:1      | 644 ||| DRINKING 2 pink potions.
   645 | D:1      | 645 ||| READING 2 scrolls of identify.
   645 | D:1      | 645 ||| IDENTIFYING sedimented inky potion
   646 | D:1      | 646 ||| DROPPING scroll of butterflies.
   647 | D:1      | 647 ||| DROPPING potion of degeneration.
   648 | D:1      | 648 ||| DROPPING scroll of vulnerability.
   697 | D:2      | Reached XP level 3. HP: 14/21 MP: 3/3
   743 | D:2      | Reached skill level 5 in Ranged Weapons
  1058 | D:2      | Reached skill level 3 in Fighting
  1084 | D:2      | Found a faded altar of an unknown god.
  1448 | D:2      | 1448 ||| DROPPING amulet of magic regeneration.
  1449 | D:2      | 1449 ||| READING 2 scrolls labelled NUYRINK RETIDY.
  1450 | D:2      | 1450 ||| DRINKING 2 coppery potions.
  1555 | D:2      | 1555 ||| DRINKING 2 amethyst potions.
  1556 | D:2      | 1556 ||| READING 3 scrolls of identify.
  1556 | D:2      | 1556 ||| IDENTIFYING metallic ruby potion
  1557 | D:2      | 1557 ||| READING 2 scrolls of identify.
  1557 | D:2      | 1557 ||| IDENTIFYING bubbling clear potion
  1558 | D:2      | 1558 ||| DROPPING potion of berserk rage.
  1559 | D:2      | 1559 ||| DROPPING scroll of noise.
  1560 | D:2      | 1560 ||| DROPPING potion of lignification.
  1561 | D:2      | 1561 ||| DROPPING potion of brilliance.
  1580 | D:3      | 1580 ||| STAIRDANCE
  1588 | D:3      | 1588 ||| STAIRDANCE
  1603 | D:2      | Reached XP level 4. HP: 27/28 MP: 4/4
  1680 | D:3      | Paralysed by a hobgoblin for 4 turns
  1693 | D:3      | Found a burning altar of Makhleb.
  1693 | D:3      | Found a radiant altar of Vehumet.
  1713 | D:3      | HP: 1/28 [crimson imp/puff of flame (7)]
  1713 | D:3      | Killed from afar by a crimson imp

Levels and vault maps discovered:
D:1:      wheals_arrival_shading, layout_loops_ring, chequers_garden,
          grunt_decor_fettered, minmay_misc_feat_four_crosses
D:2:      layout_loops_ring, hellmonk_ecumenical_altar_lost_god,
          kennysheep_cross_room
D:3:      layout_basic, grunt_temple_overflow_lords_of_destruction,
          lemuel_crystal_altar

Skill      XL: |  1  2  3 |
---------------+----------+-----
Ranged Weapons | 5 |  5.5
Fighting       | 3 |  3.0
Dodging        | |  1.5
Stealth        | |  1.1

Action                     |  1- 3 |  4- 6 || total
---------------------------+-------+-------++-------
   Fire: Shortbow          |   137 |    47 ||   184
    Use: Scroll            |     7 |       ||     7
         Potion            |     3 |       ||     3
 Armour: Leather armour    |    39 |    35 ||    74
  Dodge: Dodged            |    32 |    42 ||    74

Table legend:
 A = Non-vault XP
 B = Vault XP
 C = Vault XP percentage of total XP
 D = Non-vault monster count
 E = Vault monster count
 F = Vault count percentage of total count
                 A         B        C        D         E       F
            +---------+---------+-------+---------+---------+-------
      Total |     127 |       0 |   0.0 |      48 |       0 |   0.0
            +---------+---------+-------+---------+---------+-------
        D:1 |      32 |       0 |   0.0 |      20 |       0 |   0.0
        D:2 |      62 |       0 |   0.0 |      17 |       0 |   0.0
        D:3 |      33 |       0 |   0.0 |      11 |       0 |   0.0
            +---------+---------+-------+---------+---------+-------
